 Dungeon Crawl Stone Soup version 0.24-a0-84-g25a2d9f (webtiles) character file.

Game seed: 16161559726457103732

529 galech the Chopper (level 7, -6/53 HPs)
             Began as a Demonspawn Fighter on Feb 7, 2019.
             Mangled by Menkaure (15 damage)
             ... on level 4 of the Dungeon.
             The game lasted 00:03:37 (2460 turns).

galech the Chopper (Demonspawn Fighter)             Turns: 2460, Time: 00:03:38

Health: -6/53      AC: 13    Str: 16    XL:     7   Next: 3%
Magic:  7/7        EV:  7    Int:  9    God:
Gold:   172        SH:  9    Dex: 15    Spells: 6/6 levels left

rFire    . . .     SeeInvis .   a - +0 war axe
rCold    . . .     Gourm    .   c - +0 shield
rNeg     . . .     Faith    .   b - +0 scale mail
rPois    .         Spirit   .   o - +0 helmet
rElec    .         Reflect  .   m - +0 cloak
rCorr    +         Harm     .   j - +0 pair of gloves
MR       .....                  i - +2 pair of boots
Stlth    ..........             (no amulet)
HPRegen  1.17/turn              t - ring of resist corrosion
MPRegen  0.10/turn              (no ring)

@: no status effects
A: powered by death 2, spiny 1
a: no special abilities


You were on level 4 of the Dungeon.
You were not hungry.

You visited 1 branch of the dungeon, and saw 4 of its levels.

You collected 172 gold pieces.

Inventory:

Hand Weapons
 a - a +0 war axe (weapon)
Armour
 b - a +0 scale mail (worn)
 c - a +0 shield (worn)
 i - a +2 pair of boots (worn)
 j - a +0 pair of gloves (worn)
 m - a +0 cloak (worn)
 o - a +0 helmet (worn)
Jewellery
 t - a ring of resist corrosion (left hand)
Wands
 d - a wand of random effects (12)
 p - a wand of disintegration (9)
Scrolls
 e - 3 scrolls of amnesia {unknown}
 k - 3 scrolls of identify {unknown}
 l - 3 scrolls of remove curse {unknown}
 n - a scroll of blinking {unknown}
 q - a scroll of teleportation {unknown}
Potions
 g - a potion of agility {unknown}
 h - a potion of brilliance {unknown}
 r - a potion of flight {unknown}
 u - a potion of heal wounds {unknown}
 v - a potion of haste {unknown}
Comestibles
 f - 7 rations
 s - 10 chunks of flesh


   Skills:
 + Level 3.9 Fighting
 + Level 5.1 Axes
 + Level 3.4 Armour
 + Level 1.4 Dodging
 + Level 0.1 Stealth
 + Level 3.9 Shields


You had 6 spell levels left.
You didn't know any spells.
Your spell library was empty.

Dungeon Overview and Level Annotations

Branches:
Dungeon (4/15)
 Temple: D:4-7

Altars:
Dithmenos
Elyvilon
Trog

Annotations:
D:4 Menkaure


Innate Abilities, Weirdness & Mutations

You regenerate health from kills.
You are partially covered in sharp spines.


Message History

* * * LOW HITPOINT WARNING * * *
You are too injured to fight recklessly!
You are too injured to fight recklessly!
You are too injured to fight recklessly!
You are too injured to fight recklessly!
You are too injured to fight recklessly!
You are too injured to fight recklessly!
You are too injured to fight recklessly!
You are too injured to fight recklessly!
You are too injured to fight recklessly!
Your shield and scale mail prevent you from hitting Menkaure.
Menkaure is heavily damaged.
Your shield and scale mail prevent you from hitting the quokka.
Menkaure calls on the powers of darkness!
The quokka convulses!
Your body is wracked with pain!
* * * LOW HITPOINT WARNING * * *
The quokka convulses!
The scorpion convulses!
You block the quokka's attack.
The quokka bites you but does no damage.
Menkaure hits you!
You die...

#......[..#
#.........#
#.........#
############.........#
#.......#............#
#.........##.........#
........####......(..#
........# #.........#
# #.....r@#
#.........###
#.....rM#
#####.######.
#......s# #...# #..
#........ ###.###..
#........ #...#..
####.##... ###.#.. #.
.... #.... ## ....$
##.#. #..#


You could see Menkaure, a scorpion and 2 quokkas.

Vanquished Creatures
  Sigmund (D:3)
  An ice beast (D:4)
  A hound (D:4)
  Crazy Yiuf (D:2)
  Ijyb (D:3)
  2 worker ants (D:4)
  3 adders
  3 oozes
  5 worms
  2 dart slugs
  A leopard gecko (D:2)
  11 orcs
  A ball python (D:3)
  3 giant cockroaches
  9 goblins
  4 hobgoblins
  8 jackals
  3 quokkas (D:3)
  10 bats
  5 frilled lizards (D:1)
  5 kobolds
  12 rats
92 creatures vanquished.

Notes
Turn   | Place    | Note
-------+----------+-------------------------------------------
     0 | D:1      | galech the Demonspawn Fighter began the quest for the Orb.
     0 | D:1      | Reached XP level 1. HP: 18/18 MP: 1/1
    54 | D:1      | Gained mutation: You regenerate a little health from kills.
                  | [demonic ancestry]
    54 | D:1      | Reached XP level 2. HP: 11/24 MP: 2/2
    55 | D:1      | Reached skill level 2 in Axes
   264 | D:1      | Reached XP level 3. HP: 28/29 MP: 3/3
   739 | D:2      | Gained mutation: You regenerate health from kills. [demonic
                  | ancestry]
   739 | D:2      | Reached XP level 4. HP: 35/35 MP: 4/4
   788 | D:2      | Found a runed translucent door.
   789 | D:2      | Noticed Crazy Yiuf
   996 | D:2      | Killed Crazy Yiuf
   996 | D:2      | Reached skill level 3 in Axes
  1051 | D:3      | Found a shadowy altar of Dithmenos.
  1177 | D:3      | Noticed Ijyb
  1177 | D:3      | Noticed Sigmund
  1185 | D:3      | Killed Sigmund
  1185 | D:3      | Reached skill level 4 in Axes
  1185 | D:3      | Reached XP level 5. HP: 35/42 MP: 5/5
  1185 | D:3      | Reached XP level 6. HP: 40/48 MP: 6/6
  1188 | D:3      | Killed Ijyb
  1494 | D:3      | Found a white marble altar of Elyvilon.
  1937 | D:4      | Noticed an ice beast
  1968 | D:4      | Reached skill level 1 in Dodging
  1991 | D:4      | Killed an ice beast
  1991 | D:4      | Reached skill level 5 in Axes
  2276 | D:4      | Noticed a moth of wrath
  2279 | D:4      | Found a bloodstained altar of Trog.
  2405 | D:4      | Gained mutation: You are partially covered in sharp spines.
                  | [demonic ancestry]
  2405 | D:4      | Reached XP level 7. HP: 47/53 MP: 7/7
  2453 | D:4      | Noticed Menkaure
  2460 | D:4      | Mangled by Menkaure

Levels and vault maps discovered:

Skill      XL: |  1  2  3  4  5  6 |
---------------+-------------------+-----
Shields        | 3 |  3.9
Axes           | 2 4 5 |  5.1
Armour         | 3 |  3.4
Dodging        | 1 |  1.4
Fighting       | |  3.9
Stealth        | |  0.1

Action                   |  1- 3 |  4- 6 |  7- 9 || total
-------------------------+-------+-------+-------++-------
Melee: War axe           |   135 |   187 |     5 ||   327
  Use: Potion            |       |     1 |       ||     1
  Eat: Chunk             |       |     6 |       ||     6
Armor: Scale mail        |    79 |   113 |     3 ||   195
Dodge: Dodged            |    41 |    69 |     3 ||   113
Block: Shield            |    66 |    86 |     1 ||   153

Table legend:
 A = Non-vault XP
 B = Vault XP
 C = Vault XP percentage of total XP
 D = Non-vault monster count
 E = Vault monster count
 F = Vault count percentage of total count
                 A         B        C        D         E       F
            +---------+---------+-------+---------+---------+-------
      Total |     411 |     345 |  45.6 |      75 |      17 |  18.5
            +---------+---------+-------+---------+---------+-------
        D:1 |      45 |       0 |   0.0 |      24 |       0 |   0.0
        D:2 |      59 |      40 |  40.4 |      17 |       1 |   5.6
        D:3 |      37 |     288 |  88.6 |      19 |      10 |  34.5
        D:4 |     270 |      17 |   5.9 |      15 |       6 |  28.6
            +---------+---------+-------+---------+---------+-------
